 Dungeon Crawl Stone Soup version 0.27-a0-1191-g601b473118 (webtiles) character file.

Game seed: 15911426820982958766

2204 Wyvernaa the Basher (level 9, -2/54 HPs)
             Began as a Gargoyle Fighter on May 24, 2021.
             Was an Initiate of the Shining One.
             Slain by a two-headed ogre
             ... wielding a +0 giant spiked club
              (12 damage)
             ... on level 7 of the Dungeon.
             The game lasted 00:16:55 (8328 turns).

Wyvernaa the Basher (Gargoyle Fighter)              Turns: 8328, Time: 00:16:56

Health: -2/54      AC: 15    Str: 22    XL:     9   Next: 34%
Magic:  9/9        EV:  8    Int:  8    God:    the Shining One [......]
Gold:   411        SH: 11    Dex: 11    Spells: 8/8 levels left

rFire    . . .     SeeInvis .   j - +4 mace
rCold    . . .     Faith    .   c - +1 kite shield
rNeg     + . .     Spirit   .   b - +0 scale mail
rPois    ∞         Reflect  .   (no helmet)
rElec    +         Harm     .   (no cloak)
rCorr    .         Rampage  .   (no gloves)
Will     +....                  g - +0 pair of boots
Stlth    ..........             d - amulet of magic regeneration
HPRegen  0.18/turn              i - ring of willpower
MPRegen  0.36/turn              (no ring)

@: mighty, glowing
A: sickness immunity, AC +6, negative energy resistance 1, electricity
resistance, torment resistance 1, petrification resistance
a: Renounce Religion


You were on level 7 of the Dungeon.
You worshipped the Shining One.
The Shining One was noncommittal.
You visited 2 branches of the dungeon, and saw 8 of its levels.

You collected 411 gold pieces.

Inventory:

Hand Weapons
 j - a +4 mace (weapon)
Armour
 b - a +0 scale mail (worn)
 c - a +1 kite shield (worn)
 g - a +0 pair of boots (worn)
Jewellery
 d - an amulet of magic regeneration (around neck)
 i - a ring of willpower (left hand)
Wands
 l - a wand of digging (7)
 m - a wand of polymorph (1)
Scrolls
 n - 2 scrolls of enchant armour
 p - a scroll of enchant weapon
Potions
 f - a potion of brilliance
 k - a potion of lignification
 o - a potion of attraction
 q - 2 potions of curing
 r - a potion of resistance
 s - a potion of magic
 u - a potion of degeneration {unknown}


   Skills:
 + Level 5.1 Fighting
 * Level 9.0 Maces & Flails
 + Level 6.2 Armour
 + Level 2.0 Dodging
 + Level 0.8 Stealth
 + Level 6.4 Shields


You had 8 spell levels left.
You didn't know any spells.
Your spell library contained the following spells:

 Spells                   Type           Power      Damage    Failure   Level
 Confusing Touch          Hex            0%         N/A       100%        3
 Gell's Gravitas          Tloc           0%         N/A       100%        3
 Petrify                  Tmut/Erth      0%         N/A       100%        4
 Metabolic Englaciation   Hex/Ice        0%         N/A       100%        5
 Yara's Violent Unravell  Hex/Tmut       0%         3d3       100%        5


Dungeon Overview and Level Annotations

Branches:
Dungeon (7/15)             Temple (1/1) D:5

Altars:
Makhleb
Nemelex Xobeh
Qazlal
Sif Muna
Vehumet
Wu Jian
Xom
Zin
The Shining One

Shops:
D:1 (


Innate Abilities, Weirdness & Mutations

You are immune to sickness and miasma.
Your stone body is resilient. (AC +6)
You are immune to poison.
You resist negative energy. (rN+)
You are resistant to electric shocks. (rElec)
You are resistant to unholy torment.
You are immune to petrification.


Message History

You start waiting.
Done waiting.
There is a stone staircase leading up here.
There is an open door, spattered with blood here.
Items here: ( )) [.
q - 2 potions of curing (gained 1)
You now have 400 gold pieces (gained 13).
You open the door.
There is an open door here.
You now have 411 gold pieces (gained 11).
You open the door.
A two-headed ogre comes into view.
It is wielding two +0 giant spiked clubs.
You feel very mighty all of a sudden. You block the two-headed ogre's attack.
The two-headed ogre hits you with a +0 giant spiked club!
You sock the two-headed ogre!
The two-headed ogre is lightly wounded.
You block the two-headed ogre's attack.
The two-headed ogre hits you with a +0 giant spiked club.
You sock the two-headed ogre!
The two-headed ogre is moderately wounded.
The two-headed ogre hits you with a +0 giant spiked club!!
Ouch! That really hurt!
* * * LOW HITPOINT WARNING * * *
You block the two-headed ogre's attack.
Okay, then.
Okay, then.
You sock the two-headed ogre!
The two-headed ogre is heavily wounded.
The two-headed ogre barely misses you. You block the two-headed ogre's attack.
You hit the two-headed ogre.
The two-headed ogre is heavily wounded.
You thump the two-headed ogre!
The two-headed ogre is severely wounded.
You block the two-headed ogre's attack.
The two-headed ogre hits you but does no damage.
You hit the two-headed ogre.
The two-headed ogre is severely wounded.
The two-headed ogre hits you with a +0 giant spiked club!
You die...

#.........+ ....
#.........# .... .
#.........# .... ..
#.........# .... ...
#..####.### .... ....
###..####.######## .....
#....#.....#.....#
......#....#.....#.....#
......O@...#.....#.....#
......#....#.....#.....#
..... ###+###...##...###
.... #...##...#.. ...
#........#.. #+
#........#..
+........#..
##'#######..
#...........


You could see a two-headed ogre.

Vanquished Creatures
  Pikel (D:6)
  Joseph (D:7)
  An ice beast (D:7)
  A black bear (D:4)
  An ogre (D:5)
  2 phantoms
  A bullfrog (D:6)
  4 scorpions
  A bullfrog zombie (D:5)
  2 hounds
  2 orc priests (D:4)
  A gnoll shaman (D:6)
  2 jellies
  A bullfrog skeleton (D:4)
  Terence (D:2)
  2 orc wizards (D:4)
  Natasha (thrice) (D:2)
  3 hound skeletons
  A howler monkey zombie (D:6)
  6 gnolls
  11 adders
  2 adder skeletons (D:4)
  A worm (D:3)
  4 dart slugs
  20 orcs
  9 ball pythons
  2 endoplasms
  2 giant cockroaches
  7 goblins
  12 hobgoblins
  9 jackals
  5 kobolds
  5 quokkas
  5 bats
  2 frilled lizards
  A rat (D:3)
134 creatures vanquished.

Vanquished Creatures (others)
  17 plants (D:2)
17 creatures vanquished.

Grand Total: 151 creatures vanquished

Notes
Turn   | Place    | Note
-------+----------+-------------------------------------------
     0 | D:1      | Wyvernaa the Gargoyle Fighter began the quest for the Orb.
     0 | D:1      | Reached XP level 1. HP: 14/14 MP: 1/1
   288 | D:1      | Reached XP level 2. HP: 5/19 MP: 2/2
   982 | D:1      | Found a faded altar of an unknown god.
  1001 | D:1      | Found Hustrut's Weapon Shoppe.
  1566 | D:1      | Reached XP level 3. HP: 23/23 MP: 3/3
  2043 | D:2      | Noticed Terence
  2056 | D:2      | Killed Terence
  2057 | D:2      | Reached skill level 3 in Maces & Flails
  2057 | D:2      | Reached XP level 4. HP: 14/28 MP: 4/4
  2281 | D:2      | Noticed Natasha
  2297 | D:2      | Killed Natasha
  2298 | D:2      | Reached skill level 4 in Maces & Flails
  2298 | D:2      | Reached XP level 5. HP: 17/32 MP: 5/5
  2628 | D:2      | Noticed Natasha
  2804 | D:2      | Killed Natasha
  3139 | D:2      | Noticed Natasha
  3151 | D:2      | Killed Natasha
  3404 | D:3      | Reached XP level 6. HP: 38/38 MP: 6/6
  3450 | D:3      | You fall into a shaft and drop 1 floor!
  3510 | D:4      | Noticed a black bear
  3536 | D:4      | Killed a black bear
  3537 | D:4      | Reached skill level 5 in Maces & Flails
  3559 | D:4      | Reached XP level 7. HP: 14/42 MP: 7/7
  3825 | D:3      | Found a burning altar of Makhleb.
  3853 | D:3      | Reached skill level 1 in Dodging
  4499 | D:4      | Reached skill level 6 in Maces & Flails
  4634 | D:4      | Found a radiant altar of Vehumet.
  4682 | D:4      | Reached skill level 5 in Shields
  5121 | D:5      | Entered Level 5 of the Dungeon
  5201 | D:5      | Found a staircase to the Ecumenical Temple.
  5346 | D:5      | Reached XP level 8. HP: 48/48 MP: 8/8
  5568 | D:5      | Reached skill level 7 in Maces & Flails
  5568 | D:5      | Reached skill level 5 in Armour
  6235 | Temple   | Entered the Ecumenical Temple
  6258 | Temple   | Became a worshipper of the Shining One
  6458 | D:6      | Noticed Pikel
  7583 | D:6      | Killed Pikel
  7584 | D:6      | Reached skill level 8 in Maces & Flails
  7584 | D:6      | Reached XP level 9. HP: 42/53 MP: 9/9
  7733 | D:7      | Noticed Joseph
  7756 | D:7      | HP: 2/79 [Joseph/+0 quarterstaff (5)]
  7757 | D:7      | Killed Joseph
  7758 | D:7      | Reached skill level 5 in Fighting
  7758 | D:7      | Reached skill level 9 in Maces & Flails
  8321 | D:7      | Noticed a two-headed ogre
  8328 | D:7      | Slain by a two-headed ogre

Illustrated notes

Levels and vault maps discovered:
D:1:      lemuel_arrival_hallway, layout_basic,
          shapermc_ecumenical_altar_flowoftime, serial_shops, shop,
          minmay_misc_feat_five, hangedman_feature_mirror
D:2:      layout_loops_ring, chequers_big_river, amcnicky_mini_pool_small,
          st_stairs_6, ebering_dispersal_statue_hall, kennysheep_generic_room_7,
          uniq_natasha, uniq_terence
D:3:      layout_loops_cross, overflow_temple_1_default, minmay_misc_feat_room
D:4:      layout_cave_pools, pf_just_have_faith, minmay_misc_feat_hallway,
          minmay_close_crescents
D:5:      layout_layer_cave, minmay_temple_entry_junction_2,
          corexii_checkpoint_a, kennysheep_generic_room_14
D:6:      layout_rooms, portal_sewer_entry_d, serial_co_window_serial,
          co_window_corner_a, co_window_paths_a, co_window_paths_b,
          co_window_paths_b, co_window_paths_a, co_window_broadway_b,
          co_window_unsneaky_path_d, co_window_2corner, co_window_paths_d,
          glass_columns_a, glass_columns_a, glass_columns_b, glass_columns_b,
          glass_columns_a, lemuel_flame_loot_1, uniq_pikel
D:7:      layout_gridville, serial_shops, shop, hex_medium, uniq_joseph
Temple:   regret_index_temple_waves

Skill      XL: |  1  2  3  4  5  6  7  8  9 |
---------------+----------------------------+-----
Maces & Flails | 3 4 5 6 8 9 |  9.0
Shields        | 4 5 6 |  6.4
Armour         | 4 6 |  6.2
Fighting       | 4 5 |  5.1
Dodging        | 1 2 |  2.0
Stealth        | |  0.8

Action                   |  1- 3 |  4- 6 |  7- 9 || total
-------------------------+-------+-------+-------++-------
Melee: Flail             |   116 |   131 |    30 ||   277
       Mace              |       |       |   261 ||   261
  Use: Scroll            |     1 |     5 |     8 ||    14
       Potion            |     1 |     1 |     3 ||     5
Armor: Scale mail        |    86 |    88 |   158 ||   332
Dodge: Dodged            |    35 |    42 |   128 ||   205
Block: Kite shield       |    65 |    71 |   204 ||   340

Table legend: (Time is in decaauts)
 A = Elapsed time spent in this place.
 B = Non-inter-level travel time spent in this place.
 C = Inter-level travel time spent in this place.
 D = Time resting spent in this place.
 E = Time spent auto-exploring this place.
 F = Levels seen in this place.
 G = Mean time per level.
                   A        B        C        D        E       F      G
               +--------+--------+--------+--------+--------+-----+--------+
         Total |   8562 |   8349 |    213 |   1972 |   4218 |   8 | 1070.2 |
       Dungeon |   8522 |   8326 |    196 |   1972 |   4218 |   7 | 1217.4 |
        Temple |     39 |     23 |     16 |      0 |      0 |   1 |   39.0 |
               +--------+--------+--------+--------+--------+-----+--------+

Top non-repeatable levels by time:
     D:2: 1875 daAuts
     D:1: 1576 daAuts
     D:6: 1395 daAuts
     D:5: 1147 daAuts
     D:4: 1097 daAuts
     D:3: 747 daAuts
     D:7: 682 daAuts
  Temple: 39 daAuts
